 Dungeon Crawl Stone Soup version 0.22-a0-93-g6b88ebb (webtiles) character file.

16 GrunderHorse the Grave Robber (level 2, 26/26 HPs)
             Began as a Gnoll Wanderer on Jan 24, 2018.
             Quit the game on level 1 of the Dungeon.
             The game lasted 00:04:59 (927 turns).

GrunderHorse the Grave Robber (Gnoll Wanderer)       Turns: 927, Time: 00:05:00

Health: 26/26      AC:  2    Str: 12    XL:     2   Next: 58%
Magic:  5/5        EV: 13    Int: 14    God:
Gold:   94         SH:  0    Dex: 16    Spells: 3/6 levels left

rFire    . . .     SeeInvis .   e - +0 dagger
rCold    . . .     Gourm    .   (no shield)
rNeg     . . .     Faith    .   d - +0 robe
rPois    .         Spirit   .   (no helmet)
rElec    .         Reflect  .   (no cloak)
rCorr    .         Harm     .   (no gloves)
MR       .....                  (no boots)
Stlth    +++.......             k - amulet of magic regeneration
HPRegen  0.08/turn              (no ring)
MPRegen  0.34/turn              (no ring)

@: no status effects
A: distributed training, fangs 1, strong nose
a: no special abilities


You were on level 1 of the Dungeon.
You were not hungry.

You visited 1 branch of the dungeon, and saw 1 of its levels.

You collected 94 gold pieces.

Inventory:

Hand Weapons
 e - a +0 dagger (weapon)
Armour
 d - a +0 robe (worn)
Jewellery
 k - an amulet of magic regeneration (around neck)
Scrolls
 i - a scroll of identify {unknown}
 l - a scroll of random uselessness {unknown}
 m - a scroll of remove curse {unknown}
Potions
 h - 2 potions of curing {unknown}
 j - 2 potions of degeneration {unknown}
Books
 a - a book of Necromancy

   Spells                             Type                      Level
   a - Pain                           Necromancy                   1
   b - Animate Skeleton               Necromancy                   1
   c - Vampiric Draining              Necromancy                   3
   d - Regeneration                   Charms/Necromancy            3
   e - Animate Dead                   Necromancy                   4
 b - the Volume of Ice

   Spells                             Type                      Level
   a - Throw Frost                    Conjuration/Ice              2
   b - Ensorcelled Hibernation        Hexes/Ice                    2
 c - the Guide on Moulding

   Spells                             Type                      Level
   a - Beastly Appendage              Transmutation                1
   b - Spider Form                    Transmutation/Poison         3
Comestibles
 f - 3 rations
 g - 2 chunks of flesh


   Skills:
 + Level 4.5 Fighting
 + Level 0.4 Short Blades
 + Level 0.4 Long Blades
 + Level 0.4 Axes
 + Level 0.4 Maces & Flails
 + Level 0.4 Polearms
 + Level 0.4 Staves
 + Level 0.4 Slings
 + Level 0.4 Bows
 + Level 0.4 Crossbows
 + Level 0.4 Throwing
 + Level 0.4 Armour
 + Level 2.5 Dodging
 + Level 4.1 Stealth
 + Level 0.4 Shields
 + Level 0.4 Unarmed Combat
 + Level 2.7 Spellcasting
 + Level 0.2 Conjurations
 + Level 0.2 Hexes
 + Level 0.2 Charms
 + Level 0.2 Summonings
 + Level 7.0 Necromancy
 + Level 0.2 Translocations
 + Level 0.2 Transmutations
 + Level 0.2 Fire Magic
 + Level 0.2 Ice Magic
 + Level 0.2 Air Magic
 + Level 0.2 Earth Magic
 + Level 0.2 Poison Magic
 + Level 0.5 Invocations
 + Level 0.4 Evocations


You had 3 spell levels left.
You knew the following spells:

 Your Spells              Type           Power        Failure   Level  Hunger
a - Beastly Appendage     Tmut           #.....       21%         1    #......
b - Animate Skeleton      Necr           N/A          1%          1    #......
c - Pain                  Necr           ###.         1%          1    #......


Dungeon Overview and Level Annotations

Branches:
Dungeon (1/15)

Altars:


Innate Abilities, Weirdness & Mutations

Your experience applies equally to all skills.
You have very sharp teeth.
Your uncanny sense of smell can sniff out nearby items.


Message History

The kobold is moderately wounded.
The kobold hits you with a club.
You hit the kobold but do no damage.
The kobold is moderately wounded.
The kobold hits you with a club.
You barely miss the kobold.
The kobold is moderately wounded.
The kobold closely misses you.
You hit the kobold.
You kill the kobold!
Things that are here:
a club; 2 stones; a kobold corpse You start resting.
Your rat skeleton crumbles into dust!
HP restored.
Welcome back, GrunderHorse the Gnoll Wanderer.
Press ? for a list of commands and other information.
Quiver which item? (- for none, * to show all) (? for menu, Esc to quit)
Okay, then.
Are you sure you want to abandon this character and quit the game? (Confirm with "yes".)

### #.. #.# #.#
#.##. ###@##.#######
#............##
#.#.##.#...#..#
#.#.##...#.##.#
#.#.##..##.##.######
#.#.#..>............
#.#.#.....##..######
#.#.#.....#.........
#.#.#.....#.........


There were no monsters in sight!

Vanquished Creatures
  A dart slug (D:1)
  2 giant cockroaches (D:1)
  A goblin (D:1)
  2 jackals (D:1)
  2 kobolds (D:1)
  A bat (D:1)
  4 rats (D:1)
13 creatures vanquished.

Vanquished Creatures (collateral kills)
  2 goblins (D:1)
  A rat (D:1)
3 creatures vanquished.

Grand Total: 16 creatures vanquished

Notes
Turn   | Place    | Note
-------+----------+-------------------------------------------
     0 | D:1      | GrunderHorse the Gnoll Wanderer began the quest for the Orb.
     0 | D:1      | GrunderHorse set off with: a book of Necromancy, the Volume of Ice, the Guide on Moulding, a +0 robe, a +0 dagger, a ration
     0 | D:1      | Reached XP level 1. HP: 20/20 MP: 4/4
     0 | D:1      | Identified the Volume of Ice
     0 | D:1      | Identified the Guide on Moulding
     2 | D:1      | Learned a level 1 spell: Beastly Appendage
     4 | D:1      | Learned a level 1 spell: Animate Skeleton
     6 | D:1      | Learned a level 1 spell: Pain
   266 | D:1      | Reached XP level 2. HP: 26/26 MP: 5/5
   927 | D:1      | Quit the game

Vault maps used:
D:1:      moated_graveyard_arrival, serial_curves, eino_curves_04,
          eino_curves_02, eino_curves_04, minmay_pentomino_o2

Action                   || total
-------------------------++-------
Melee: Dagger            ||    41
       Kick              ||     4
       Bite              ||     3
 Cast: Animate Skeleton  ||     7
       Beastly Appendage ||     5
 Stab: Sleeping          ||     2
Armor: Robe              ||    11
Dodge: Dodged            ||    30

Table legend:
 A = Spawn XP
 B = Non-spawn XP
 C = Spawn XP percentage of total XP
 D = Spawn monster count
 E = Non-spawn monster count
 F = Spawn count percentage of total count
 G = Total turns spent on level
                    A         B        C        D         E        F      G
               +---------+---------+-------+---------+---------+-------+---------
         Total |       0 |      24 |   0.0 |       0 |      16 |   0.0 |   927
               +---------+---------+-------+---------+---------+-------+---------
           D:1 |       0 |      24 |   0.0 |       0 |      16 |   0.0 |   927
               +---------+---------+-------+---------+---------+-------+---------
